 Dungeon Crawl Stone Soup version 0.15.0 (webtiles) character file.

145 Charly the Chopper (level 5, -1/41 HPs)
             Began as a Formicid Fighter on Aug 28, 2014.
             Slain by an orc
             ... wielding a +0 dagger
              (2 damage)
             ... on Level 4 of the Dungeon.
             The game lasted 00:02:51 (153 turns).

Charly the Chopper (Formicid Fighter)                Turns: 153, Time: 00:02:51

HP  -1/41        AC  6     Str 22      XL: 5   Next: 53%
MP   7/7         EV  7     Int  8      God:
Gold 0           SH  9     Dex 10      Spells:  0 memorised,  4 levels left

rFire  . . .     SeeInvis +     a - +0 war axe
rCold  . . .     Clarity  .     b - +0 scale mail
rNeg   . . .     rCorr    .     c - +0 shield
rPois  .         rRot     .     (helmet unavailable)
rElec  .         Spirit   .     (no cloak)
SustAb .         Warding  .     (no gloves)
rMut   .         Stasis   +     (no boots)
Gourm  .                        (no amulet)
MR     .....                    (no ring)
                                f - +1 ring of strength

@: not resistant to hostile enchantments, extremely unstealthy
A: permanent stasis, dig shafts and tunnels, four strong arms, antennae 3
a: Dig, Shaft Self


You were on level 4 of the Dungeon.
You were not hungry.

You visited 1 branch of the dungeon, and saw 3 of its levels.

Inventory:

Hand weapons
 a - a +0 war axe (weapon)
Armour
 b - a +0 scale mail (worn)
 c - a +0 shield (worn)
Comestibles
 d - a bread ration
 i - a royal jelly
 j - a meat ration
Scrolls
 e - a scroll of blinking
 g - a scroll of magic mapping {unknown}
 h - a scroll of enchant armour {unknown}
 k - a scroll of identify
 l - a scroll of teleportation {unknown}
Jewellery
 f - a +1 ring of strength (left hand)


   Skills:
 - Level 3.2 Fighting
 + Level 5.3 Axes
 - Level 3.2 Armour
 - Level 3.6 Shields


You had 4 spell levels left.
You didn't know any spells.

Dungeon Overview and Level Annotations

Branches:
Dungeon (4/15)
 Temple: D:4-7

Altars:


Innate Abilities, Weirdness & Mutations

Your are under a permanent stasis effect.
You can dig through walls and to a lower floor.
Your four strong arms can wield two-handed weapons with a shield.
You have a pair of large antennae on your head (SInv).


Message History

* * * LOW HITPOINT WARNING * * *
The orc wizard gestures at you while chanting.
The puff of flame hits you!
* * * LOW HITPOINT WARNING * * *
You barely miss the orc wizard. You hit the orc.
The orc is moderately wounded.
The orc wizard gestures at you while chanting.
You block the puff of flame. The orc barely misses you.
You block the orc wizard's attack.
You barely miss the orc.
The orc is moderately wounded.
You closely miss the orc wizard.
The orc wizard hits you but does no damage.
The orc hits you but does no damage.
You barely miss the orc.
The orc is moderately wounded.
You closely miss the orc wizard.
The orc wizard hits you but does no damage.
The orc hits you with a dagger.
You die...

{ #######+# #....o..# #
#)############### #.#
#.#@....##......# #.#
.#.oo....##.####.# #.#
....###.###.##.# #.# #.#
......#.# ##.#.# #.# ..#
####.#.#...#####..# #.#
..#
#..#.#.#.#.##......####.#
..#
#...............###.....#
..# #..#.......#....#
#####.#### ..#
#......>........# #....#


You could see an orc wizard and an orc.

Vanquished Creatures
  A black bear (D:4)
  A scorpion (D:4)
  A worm (D:4)
  An orc (D:4)
  A hobgoblin (D:4)
  4 jackals (D:4)
  A quokka (D:4)
  A giant cockroach (D:4)
  A goblin skeleton (D:4)
12 creatures vanquished.

Notes
Turn   | Place    | Note
--------------------------------------------------------------
     0 | D:1      | Charly, the Formicid Fighter, began the quest for the Orb.
     0 | D:1      | Reached XP level 1. HP: 18/18 MP: 1/1
     5 | D:1      | You fall through a shaft!
     8 | D:2      | You fall through a shaft for 2 floors!
    29 | D:4      | Reached XP level 2. HP: 6/24 MP: 3/3
    41 | D:4      | Noticed a scorpion
    46 | D:4      | Killed a scorpion
    46 | D:4      | Reached skill level 4 in Axes
    46 | D:4      | Reached XP level 3. HP: 8/29 MP: 4/4
    46 | D:4      | Reached XP level 4. HP: 9/35 MP: 5/5
    78 | D:4      | Noticed a black bear
    82 | D:4      | Killed a black bear
    82 | D:4      | Reached skill level 5 in Axes
    82 | D:4      | Reached XP level 5. HP: 10/41 MP: 7/7
   142 | D:4      | Noticed an orc wizard
   150 | D:4      | HP: 1/41 [orc wizard/puff of flame (7)]
   153 | D:4      | Slain by an orc

Action                   |  1- 3 |  4- 6 || total
-------------------------+-------+-------++-------
Melee: War axe           |    17 |    17 ||    34
 Abil: Shaft Self        |     2 |       ||     2
       Dig               |       |     2 ||     2
  Use: Potion            |     1 |       ||     1
       Scroll            |       |     1 ||     1
